 Dungeon Crawl Stone Soup version 0.29.0-4-gdea44cf6ec (webtiles) character file.

Game seed: 10361726384130680538

12 qw the Vexing (level 2, -1/27 HPs)
             Began as an Ogre Enchanter on Sept 3, 2022.
             Slain by a gnoll
             ... wielding a +0 flail
              (6 damage)
             ... on level 1 of the Dungeon.
             The game lasted 00:00:34 (1237 turns).

qw the Vexing (Ogre Enchanter)                      Turns: 1237, Time: 00:00:35

Health: -1/27      AC:  3    Str: 11    XL:     2   Next: 33%
Magic:  5/5        EV:  9    Int: 16    God:
Gold:   16         SH:  0    Dex:  9    Spells: 5/5 levels left

rFire   . . .      SeeInvis .   f - +0 short sword
rCold   . . .      Faith    .   (no shield)
rNeg    . . .      Spirit   .   b - +0 robe
rPois   .          Reflect  .   (helmet restricted)
rElec   .          Harm     .   (no cloak)
rCorr   .          Rampage  .   (gloves unavailable)
Will    .....                   (boots unavailable)
Stlth   ++........              (no amulet)
HPRegen 0.09/turn               (no ring)
MPRegen 0.09/turn               (no ring)

@: no status effects
A: large, unfitting armour, tough skin 1
a: no special abilities


You were on level 1 of the Dungeon.
You visited 1 branch of the dungeon, and saw 1 of its levels.

You collected 35 gold pieces.
You spent 19 gold pieces at shops.


Innate Abilities, Weirdness & Mutations

You are too large for most types of armour.
You have tough skin. (AC +1)


   Skills:
 - Level 1.0 Fighting
 - Level 0.8 Short Blades
 + Level 1.6 Axes
 - Level 1.7 Dodging
 - Level 2.1 Stealth
 - Level 2.4 Spellcasting
 - Level 2.6 Hexes


You had 5 spell levels left.
You didn't know any spells.
Your spell library contained the following spells:

 Spells                   Type           Power      Damage    Failure   Level
 Ensorcelled Hibernation  Hex/Ice        12%        N/A       17%         2
 Confusing Touch          Hex            10%        N/A       21%         3
 Tukima's Dance           Hex            10%        N/A       21%         3
 Dazzling Flash           Conj/Hex       12%        N/A       34%         3

Inventory:

Hand Weapons
 f - a +0 short sword (weapon)
Armour
 b - a +0 robe (worn)
Jewellery
 j - an amulet of reflection
Scrolls
 g - a scroll of vulnerability {unknown}
 h - a scroll of immolation {unknown}
 i - 2 scrolls of identify {unknown}
Potions
 a - 2 potions of might {unknown}
 c - 2 potions of invisibility
 d - a potion of heal wounds {unknown}
 e - 2 potions of lignification {unknown}

Dungeon Overview and Level Annotations

Branches:
Dungeon (1/15)

Altars:

Shops:
D:1 *((


Message History

The endoplasm hits you.
You barely miss the endoplasm.
The endoplasm is almost dead.
The endoplasm closely misses you.
You hit the endoplasm.
You kill the endoplasm!
You start resting.
HP restored.
j - an amulet of reflection
There is an entrance to Taic Kom's Weapon Boutique here.
1213 ||| SHOPLISTING +0 falchion (30 gold, have 16).
You can access your shopping list by pressing '$'.
1213 ||| SHOPLISTING +0 whip (25 gold, have 16).
You can access your shopping list by pressing '$'.
1213 ||| SHOPLISTING +8 demon blade "Leech" {vamp, Harm Drain rN+} (906 gold, have 16).
You can access your shopping list by pressing '$'.
A gnoll comes into view. It is wielding a +0 flail.
The gnoll shouts!
You hit the gnoll.
The gnoll is lightly wounded.
The gnoll misses you.
You hit the gnoll.
The gnoll is lightly wounded.
The gnoll hits you with a +0 flail.
You closely miss the gnoll.
The gnoll is lightly wounded.
The gnoll hits you with a +0 flail.
You hit the gnoll.
The gnoll is moderately wounded.
The gnoll hits you with a +0 flail.
You closely miss the gnoll.
The gnoll is moderately wounded.
The gnoll closely misses you.
You hit the gnoll but do no damage.
The gnoll is moderately wounded.
The gnoll hits you with a +0 flail!
You completely miss the gnoll.
The gnoll is moderately wounded.
The gnoll hits you with a +0 flail.
You die...

#.# #.#.# #.#####.#.#
#... ..... ##.# ##.## #.
...####...###### ....
.........\.....###......
.#.####.>.#.............
...# ##.##.##.###.....#
.### #....##..@g.....#
## #################


You could see a gnoll.

Vanquished Creatures
  3 endoplasms (D:1)
  A goblin (D:1)
  A hobgoblin (D:1)
  A quokka (D:1)
  A ball python (D:1)
  A bat (D:1)
  3 frilled lizards (D:1)
  A kobold (D:1)
12 creatures vanquished.

Notes
Turn   | Place    | Note
-------+----------+-------------------------------------------
     0 | D:1      | qw the Ogre Enchanter began the quest for the Orb.
     0 | D:1      | Reached XP level 1. HP: 16/16 MP: 3/3
     0 | D:1      | 0 ||| qw: Version: 0.1-a-102-g441f92d
     0 | D:1      | 0 ||| qw: Game counter: 5148
     0 | D:1      | 0 ||| qw: Always use a shield: true
     0 | D:1      | 0 ||| qw: God list: Okawaru
     0 | D:1      | 0 ||| qw: Allow faded altars: false
     0 | D:1      | 0 ||| qw: Do Orc after D:15 true
     0 | D:1      | 0 ||| qw: Do second Lair branch before Depths: true
     0 | D:1      | 0 ||| qw: Lair rune preference: random
     0 | D:1      | 0 ||| qw: Plans: Normal
     0 | D:1      | 0 ||| PLANNING D:1-11
    38 | D:1      | 38 ||| SWAPPING to +0 short sword.
    39 | D:1      | 39 ||| DROPPING +1 dagger.
    86 | D:1      | Reached skill level 1 in Axes
   257 | D:1      | 257 ||| Stepping ~*~*~tactically~*~*~ (stealth).
   265 | D:1      | Reached skill level 1 in Fighting
   369 | D:1      | 369 ||| Stepping ~*~*~tactically~*~*~ (stealth).
   370 | D:1      | 370 ||| Stepping ~*~*~tactically~*~*~ (stealth).
   394 | D:1      | 394 ||| Stepping ~*~*~tactically~*~*~ (stealth).
   404 | D:1      | Reached XP level 2. HP: 19/27 MP: 5/5
   697 | D:1      | Found Wuwaitzi's Assorted Antiques.
   707 | D:1      | 707 ||| BUYING bubbling dark potion (19 gold).
   707 | D:1      | Bought a bubbling dark potion for 19 gold pieces
   707 | D:1      | 707 ||| SHOPLISTING gluggy blue potion (19 gold, have 16).
   707 | D:1      | 707 ||| SHOPLISTING runed orb (264 gold, have 16).
   707 | D:1      | 707 ||| SHOPLISTING scroll labelled ASTRUKA ENNAIPS (22
                  | gold, have 16).
   707 | D:1      | 707 ||| SHOPLISTING scroll labelled POROIDEHAT (22 gold,
                  | have 16).
   707 | D:1      | 707 ||| SHOPLISTING scroll labelled XAUXZU ZUCHU (22 gold,
                  | have 16).
   707 | D:1      | 707 ||| SHOPLISTING scroll labelled XEVVOTHRAOPN (22 gold,
                  | have 16).
   707 | D:1      | 707 ||| SHOPLISTING scroll labelled ZIUFAE KEUJOZ (22 gold,
                  | have 16).
   852 | D:1      | Found Raidy's Weapon Boutique.
   861 | D:1      | 861 ||| SHOPLISTING +0 falchion (33 gold, have 16).
   861 | D:1      | 861 ||| SHOPLISTING +0 whip (27 gold, have 16).
   861 | D:1      | 861 ||| SHOPLISTING +1 vorpal long sword (134 gold, have
                  | 16).
   861 | D:1      | 861 ||| SHOPLISTING +2 trident of freezing (201 gold, have
                  | 16).
   861 | D:1      | 861 ||| SHOPLISTING +3 Elemental Staff {rElec rF++ rC++
                  | AC+5} (951 gold, have 16).
   861 | D:1      | 861 ||| SHOPLISTING +4 rapier of Uxiggugg {flame, rPois
                  | Int+3} (491 gold, have 16).
   869 | D:1      | Found Taic Kom's Weapon Boutique.
   885 | D:1      | HP: 6/27 [quokka (1)]
   887 | D:1      | HP: 2/27 [quokka (4)]
  1213 | D:1      | 1213 ||| SHOPLISTING +0 falchion (30 gold, have 16).
  1213 | D:1      | 1213 ||| SHOPLISTING +0 whip (25 gold, have 16).
  1213 | D:1      | 1213 ||| SHOPLISTING +8 demon blade "Leech" {vamp, Harm
                  | Drain rN+} (906 gold, have 16).
  1236 | D:1      | HP: 5/27 [gnoll/+0 flail (9)]
  1237 | D:1      | Slain by a gnoll

Levels and vault maps discovered:
D:1:      wander_arrival_desolate, layout_loops_ring, serial_shops,
          nicolae_lakefront_shop, nicolae_shop_trees, shop, nicolae_shop_stone,
          hellmonk_ecumenical_altar_slurped_away, st_stairs_8, minivault_26

Skill      XL: |  1 |
---------------+----+-----
Axes           | 1 |  1.6
Fighting       | 1 |  1.0
Short Blades   | |  0.8
Dodging        | |  1.7
Stealth        | |  2.1
Spellcasting   | |  2.4
Hexes          | |  2.6

Action                   || total
-------------------------++-------
Melee: Short sword       ||    61
       Dagger            ||     4
       Punch             ||     1
Armor: Robe              ||    10
Dodge: Dodged            ||    18

Table legend:
 A = Non-vault XP
 B = Vault XP
 C = Vault XP percentage of total XP
 D = Non-vault monster count
 E = Vault monster count
 F = Vault count percentage of total count
                 A         B        C        D         E       F
            +---------+---------+-------+---------+---------+-------
      Total |      17 |       1 |   5.6 |      11 |       1 |   8.3
            +---------+---------+-------+---------+---------+-------
        D:1 |      17 |       1 |   5.6 |      11 |       1 |   8.3
            +---------+---------+-------+---------+---------+-------
